 Dungeon Crawl Stone Soup version 0.16-a0-3807-g3748f16 (console) character file.

1572 mauris the Transmogrifier (level 8, -1/59 HPs)
             Began as a Pale Draconian Transmuter on Jan 26, 2015.
             Succumbed to a water moccasin's poison
             ... on level 6 of the Dungeon.
             The game lasted 00:25:33 (8193 turns).

mauris the Transmogrifier (DrTm)                    Turns: 8193, Time: 00:25:33

Health: -1/59      AC:  7    Str: 22    XL:     8   Next: 59%
Magic:  13/13      EV: 17    Int: 20    God:
Gold:   195        SH:  0    Dex: 17    Spells: 3 memorised, 2 levels left

rFire  + . .     SeeInvis .       - Unarmed
rCold  + . .     Clarity  .     (armour unavailable)
rNeg   . . .     SustAb   .     (no shield)
rPois  +         Gourm    .     (helmet restricted)
rElec  +         Spirit   .     j - +0 cloak
rCorr  +         Warding  .     (no gloves)
rMut   .         Stasis   .     (no boots)
MR     .....                    (no amulet)
Stlth  +++.......               (no ring)
                                p - +4 ring of strength

@: mighty, brilliant, agile, lethally poisoned, resistant, not resistant to
hostile enchantments, fairly stealthy
A: breathe steam, unfitting armour, stinger 1, cold-blooded, AC +6
a: Breathe Steam


You were on level 6 of the Dungeon.
You were not hungry.

You visited 1 branch of the dungeon, and saw 6 of its levels.

You collected 195 gold pieces.

Inventory:

Hand weapons
 g - a cursed +0 short sword
 u - a +3 quarterstaff of chaos
 w - a +0 blowgun {@w1}
Missiles
 b - 64 arrows
 s - 36 poisoned arrows
 x - 6 curare-tipped needles {!f}
 A - 169 stones (quivered)
Armour
 j - a +0 cloak (worn)
Jewellery
 p - a +4 ring of strength (left hand)
Magical devices
 i - a wand of digging (10)
Scrolls
 c - a scroll of noise {unknown}
 e - a scroll of fear {unknown}
 m - a scroll of identify {@r1}
 n - 3 scrolls of remove curse
 q - a scroll of enchant weapon {unknown}
 r - 2 scrolls of amnesia
 t - 2 scrolls of enchant armour {unknown}
 y - a scroll of fog {unknown}
 D - 3 scrolls of teleportation {unknown}
 E - a scroll of immolation {unknown}
Potions
 l - 2 potions of agility
 o - a potion of magic
 B - a potion of might
 C - a potion of brilliance
Books
 d - a book of Changes

   Spells                             Type                      Level
   a - Beastly Appendage              Transmutation                1
   b - Sticks to Snakes               Transmutation                2
   c - Spider Form                    Transmutation/Poison         3
   d - Ice Form                       Ice/Transmutation            4
   e - Blade Hands                    Transmutation                5
Comestibles
 a - 5 bread rations
 f - 4 slices of pizza
 F - 6 chunks of flesh


   Skills:
 - Level 1.1 Fighting
 - Level 1.7 Dodging
 - Level 4.2 Unarmed Combat
 - Level 2.0 Spellcasting
 + Level 10.5 Transmutations


You had 2 spell levels left.
You knew the following spells:

 Your Spells              Type           Power        Failure   Level  Hunger
a - Beastly Appendage     Trmt           ######       1%          1    #......
b - Spider Form           Trmt/Pois      #####.....   1%          3    ###....
c - Blade Hands           Trmt           ######....   1%          5    ######.


Dungeon Overview and Level Annotations

Branches:
Dungeon (6/15)
 Temple: D:4-7

Altars:
Dithmenos
Kikubaaqudgha
Ru
Trog


Innate Abilities, Weirdness & Mutations

You can breathe blasts of scalding steam.
Your pale cyan-grey scales are hard (AC +6).
Your body does not fit into most forms of armour.
Your cold-blooded metabolism reacts poorly to cold.
Your tail ends in a poisonous barb.


Message History

You feel very sick.
The water moccasin barely misses you. x2
Huge Dmg: -7%(-4hp) hp: 14%(8hp)
You closely miss the water moccasin.
Your tail-slap misses the water moccasin.
The water moccasin is heavily wounded.
* * * LOW HITPOINT WARNING * * *
You feel very sick. The water moccasin barely misses you.
Huge Dmg: -5%(-3hp) hp: 9%(5hp)
You hit the water moccasin.
Your tail-slap misses the water moccasin.
The water moccasin is severely wounded.
* * * LOW HITPOINT WARNING * * *
You feel very sick. The water moccasin closely misses you.
Huge Dmg: -5%(-3hp) hp: 4%(2hp)
You hit the water moccasin.
The water moccasin is almost dead.
You die...

#.. #.# #)# #~# #~# #~#
#.# ##########+##.#...
##.###.................
#....#.......@S........
#....#................
#....#................
#....'..........####.#
#....#....####....
######....#####.##
##..........
##########.#######.##
...........#


You could see a water moccasin.

Vanquished Creatures
  Menkaure (D:5)
  A phantom (D:5)
  2 ogres
  A centaur (D:5)
  Sigmund (D:2)
  Duvessa (D:5)
  4 wights (D:5)
  2 vampire bats (D:5)
  2 crimson imps
  Dowan (D:5)
  2 wasp zombies
  A jelly (D:5)
  An orc wizard (D:5)
  Crazy Yiuf (D:2)
  An iguana (D:4)
  Natasha (thrice) (D:5)
  7 worker ants
  2 hound skeletons
  7 adders
  A giant mite (D:3)
  5 worms
  4 giant geckos
  4 oozes
  10 orcs
  8 bats
  4 bat skeletons
  3 bat zombies (D:5)
  7 giant cockroaches
  9 goblins
  16 hobgoblins
  9 jackals
  16 kobolds
  A ball python (D:4)
  2 giant newts
  2 quokkas
  10 rats
152 creatures vanquished.

Vanquished Creatures (others)
  A bat (D:6)
1 creature vanquished.

Grand Total: 153 creatures vanquished

Notes
Turn   | Place    | Note
--------------------------------------------------------------
     0 | D:1      | mauris, the Draconian Transmuter, began the quest for the Orb.
     0 | D:1      | Reached XP level 1. HP: 16/16 MP: 3/3
   142 | D:1      | Huge Dmg: 4 Dmg
   265 | D:1      | Reached XP level 2. HP: 21/23 MP: 4/4
   310 | D:1      | Huge Dmg: 4 Dmg
   638 | D:1      | Reached skill level 4 in Unarmed Combat
   878 | D:1      | Reached XP level 3. HP: 28/28 MP: 4/6
  1204 | D:1      | Learned a level 3 spell: Spider Form
  1284 | D:2      | Huge Dmg: 10 Dmg
  1402 | D:2      | Huge Dmg: 8 Dmg
  1453 | D:2      | Huge Dmg: 5 Dmg
  1454 | D:2      | Reached XP level 4. HP: 16/35 MP: 5/7
  1820 | D:2      | Noticed Sigmund
  2105 | D:2      | Huge Dmg: 6 Dmg
  2109 | D:2      | Huge Dmg: 6 Dmg
  2568 | D:2      | Killed Sigmund
  2568 | D:2      | Reached XP level 5. HP: 33/40 MP: 2/9
  2915 | D:2      | Noticed Crazy Yiuf
  2925 | D:2      | Killed Crazy Yiuf
  2925 | D:2      | Reached skill level 5 in Transmutations
  3402 | D:3      | Found a sacrificial altar of Ru.
  3773 | D:3      | Reached XP level 6. HP: 47/47 MP: 10/10
  4113 | D:4      | Learned a level 5 spell: Blade Hands
  4270 | D:4      | Huge Dmg: 9 Dmg
  4273 | D:4      | Huge Dmg: 8 Dmg
  4604 | D:4      | Huge Dmg: 11 Dmg
  4618 | D:4      | Reached skill level 6 in Transmutations
  4836 | D:4      | Found a shadowy altar of Dithmenos.
  5839 | D:5      | Entered Level 5 of the Dungeon
  5851 | D:5      | Huge Dmg: 10 Dmg
  5857 | D:5      | Reached skill level 7 in Transmutations
  5857 | D:5      | Your scales start fading to a pale cyan-grey colour.
  5857 | D:5      | Reached XP level 7. HP: 30/52 MP: 8/12
  5868 | D:5      | Huge Dmg: 5 Dmg
  5876 | D:5      | Huge Dmg: 9 Dmg
  5877 | D:5      | Huge Dmg: 5 Dmg
  6173 | D:5      | Noticed Menkaure
  6189 | D:5      | Killed Menkaure
  6244 | D:5      | Reached skill level 8 in Transmutations
  6311 | D:5      | Huge Dmg: 10 Dmg
  6340 | D:5      | Gained mutation: Your tail ends in a poisonous barb. [mutagenic glow]
  6544 | D:5      | Huge Dmg: 20 Dmg
  6706 | D:5      | Noticed Natasha
  6716 | D:5      | Killed Natasha
  6744 | D:5      | Reached skill level 9 in Transmutations
  6757 | D:5      | Reached XP level 8. HP: 51/59 MP: 10/13
  6854 | D:5      | Huge Dmg: 9 Dmg
  6856 | D:5      | Huge Dmg: 6 Dmg
  6858 | D:5      | Huge Dmg: 8 Dmg
  6888 | D:5      | Found a bloodstained altar of Trog.
  6909 | D:5      | Huge Dmg: 6 Dmg
  7218 | D:5      | Noticed Natasha
  7224 | D:5      | Killed Natasha
  7313 | D:5      | Noticed Natasha
  7317 | D:5      | Killed Natasha
  7349 | D:5      | Noticed Duvessa
  7356 | D:5      | Huge Dmg: 9 Dmg
  7357 | D:5      | Huge Dmg: 12 Dmg
  7357 | D:5      | Killed Duvessa
  7358 | D:5      | Noticed Dowan
  7606 | D:5      | Killed Dowan
  7606 | D:5      | Reached skill level 10 in Transmutations
  7617 | D:5      | Found an ancient bone altar of Kikubaaqudgha.
  8027 | D:6      | Huge Dmg: 15 Dmg
  8181 | D:6      | Huge Dmg: 13 Dmg
  8182 | D:6      | Huge Dmg: 7 Dmg
  8184 | D:6      | Huge Dmg: 7 Dmg
  8185 | D:6      | Huge Dmg: 4 Dmg
  8186 | D:6      | Huge Dmg: 6 Dmg
  8186 | D:6      | HP: 1/59 [poisoned by a water moccasin]
  8187 | D:6      | Huge Dmg: 5 Dmg
  8189 | D:6      | Huge Dmg: 4 Dmg
  8191 | D:6      | Huge Dmg: 4 Dmg
  8192 | D:6      | Huge Dmg: 3 Dmg
  8192 | D:6      | HP: 2/59 [poisoned by a water moccasin]
  8193 | D:6      | Huge Dmg: 3 Dmg
  8193 | D:6      | Succumbed to a water moccasin's poison

Action                   |  1- 3 |  4- 6 |  7- 9 || total
-------------------------+-------+-------+-------++-------
Melee: Unarmed           |   135 |   332 |   287 ||   754
 Cast: Beastly Appendage |    15 |    21 |     8 ||    44
       Spider Form       |       |    10 |    12 ||    22
       Blade Hands       |       |       |     4 ||     4
 Abil: Breathe Steam     |       |       |     4 ||     4
  Use: Scroll            |       |     5 |       ||     5
       Potion            |       |       |    10 ||    10
  Eat: Chunk             |     2 |    12 |     7 ||    21
       Meat ration       |       |     1 |     1 ||     2
       Beef jerky        |       |       |     1 ||     1

Vault maps used:
D:1:      moated_graveyard_arrival
D:2:      uniq_sigmund, uniq_crazy_yiuf_cottage
D:3:      nicolae_ru_awakened_eye
D:4:      nicolae_dithmenos_the_darkroom
D:5:      kennysheep_vampire_church, first_bread, minmay_misc_feat_five,
          trog_book, uniq_duvessa, uniq_natasha, uniq_menkaure
D:6:      overflow_temple_1_default, grunt_qazlal_clouds,
          minmay_temple_entry_large_hall, corexii_corridor_pit
